 Dungeon Crawl Stone Soup version 0.23-a0-677-g07611c5 (console) character file.

21 Duffy the Firebug (level 2, 0/19 HPs)
             Began as a Demonspawn Fire Elementalist on Jan 9, 2019.
             Slain by a quasit (1 damage)
             ... on level 2 of the Dungeon.
             The game lasted 00:02:17 (1254 turns).

Duffy the Firebug (Demonspawn Fire Elementalist)    Turns: 1254, Time: 00:02:17

Health: 0/19       AC:  3    Str:  8      XL:     2   Next: 62%
Magic:  0/5        EV: 11    Int: 16      God:
Gold:   33         SH:  0    Dex:  4 (13) Spells: 4/5 levels left

rFire    . . .     SeeInvis .   g - +0 dagger
rCold    . . .     Gourm    .   (no shield)
rNeg     . . .     Faith    .   a - +0 robe
rPois    .         Spirit   .   (no helmet)
rElec    .         Reflect  .   h - +0 cloak
rCorr    .         Harm     .   (no gloves)
MR       .....                  (no boots)
Stlth    ++........             (no amulet)
HPRegen  0.06/turn              (no ring)
MPRegen  0.09/turn              (no ring)

@: no status effects
A: nightstalker 1
a: no special abilities


You were on level 2 of the Dungeon.
You were not hungry.

You visited 1 branch of the dungeon, and saw 2 of its levels.

You collected 33 gold pieces.

Inventory:

Hand Weapons
 g - a +0 dagger (weapon)
Armour
 a - a +0 robe (worn)
 h - a +0 cloak (worn)
Scrolls
 d - a scroll of enchant weapon
 f - 2 scrolls of enchant armour
Comestibles
 c - a ration


   Skills:
 - Level 1.7 Dodging
 - Level 1.7 Stealth
 + Level 2.1 Spellcasting
 + Level 2.3 Conjurations
 + Level 2.8 Fire Magic


You had 4 spell levels left.
You knew the following spells:

 Your Spells              Type           Power        Failure   Level  Hunger
h - Flame Tongue          Conj/Fire      ##...        7%          1    #......

Your spell library contained the following spells:

 Spells                   Type           Power        Failure   Level  Hunger
 Throw Flame              Conj/Fire      ##....       11%         2    ###....
 Conjure Flame            Conj/Fire      ##......     22%         3    ###....
 Inner Flame              Hex/Fire       #.......     34%         3    ###....
 Sticky Flame             Conj/Fire      ##......     56%         4    #####..
 Fireball                 Conj/Fire      ##........   89%         5    ######.


Dungeon Overview and Level Annotations

Branches:
Dungeon (2/15)

Altars:


Innate Abilities, Weirdness & Mutations

You are slightly more attuned to the shadows.


Message History

Casting: Flame Tongue (safe; 7% risk of failure)
Confirm with . or Enter, or press ? or * to list all spells.
Aiming: Flame Tongue (safe; 7% risk of failure)
Press: ? - help, Shift-Dir - straight line, f/p - quasit
Aim: a quasit (heavily wounded)
The flame tongue misses the quasit.
The flame tongue hits the goblin.
The goblin is severely wounded.
The quasit bites you.
The quasit claws you but does no damage.
The quasit barely misses you.
Casting: Flame Tongue (safe; 7% risk of failure)
Confirm with . or Enter, or press ? or * to list all spells.
You don't have enough magic to cast that spell.
Casting: Flame Tongue (safe; 7% risk of failure)
Confirm with . or Enter, or press ? or * to list all spells.
You don't have enough magic to cast that spell.
The quasit closely misses you.
The quasit claws you but does no damage.
The quasit claws you.
You die...

####################
#..................#
#.################(#
#.#.. .?# #.#
#.#.########.# #.#
#.#........#.# #.#
#...#.####.#.#####.#####
...........)...g5@>....#
...........#.#####.###.#
#.#.....#..#.# #.###.#
........#..#$# #.....#
#.(<....#..#.#####.#####
#[.......................
...#....#####.####.######
.........<.$.........
...............###.###


You could see a quasit and a goblin.

Vanquished Creatures
  2 leopard geckos (D:1)
  2 bats (D:1)
  2 goblins (D:1)
  3 hobgoblins (D:1)
  2 jackals (D:1)
  A kobold (D:1)
  2 frilled lizards (D:1)
  2 rats (D:1)
16 creatures vanquished.

Notes
Turn   | Place    | Note
-------+----------+-------------------------------------------
     0 | D:1      | Duffy the Demonspawn Fire Elementalist began the quest for
                  | the Orb.
     0 | D:1      | Reached XP level 1. HP: 13/13 MP: 3/3
   347 | D:1      | Gained mutation: You are slightly more attuned to the
                  | shadows. [demonic ancestry]
   347 | D:1      | Reached XP level 2. HP: 19/19 MP: 3/5
  1254 | D:2      | Slain by a quasit

Vault maps used:
D:1:      lemuel_arrival_room
D:2:      bloody_makhleb, serial_curves, eino_curves_03, eino_curves_02,
          first_ration

Skill      XL: |  1 |
---------------+----+-----
Conjurations   | 2 |  2.3
Dodging        | |  1.7
Stealth        | |  1.7
Spellcasting   | |  2.1
Fire Magic     | |  2.8

Action                   || total
-------------------------++-------
Melee: Unarmed           ||    25
       Dagger            ||    19
 Cast: Flame Tongue      ||    40
  Use: Scroll            ||     3
       Potion            ||     3
  Eat: Ration            ||     1
Armor: Robe              ||    60
Dodge: Dodged            ||   124

Table legend:
 A = Non-vault XP
 B = Vault XP
 C = Vault XP percentage of total XP
 D = Non-vault monster count
 E = Vault monster count
 F = Vault count percentage of total count
                 A         B        C        D         E       F
            +---------+---------+-------+---------+---------+-------
      Total |      30 |       0 |   0.0 |      16 |       0 |   0.0
            +---------+---------+-------+---------+---------+-------
        D:1 |      30 |       0 |   0.0 |      16 |       0 |   0.0
            +---------+---------+-------+---------+---------+-------
